[Event "Forni di Sopra Dolomiti 2018"]
[Site "Forni di Sopra"]
[Date "2018.06.11"]
[Round "3.10"]
[White "Garofalo, Simone"]
[Black "Terao, Juliana Sayumi"]
[Result "0-1"]
[ECO "B42"]
[WhiteElo "2110"]
[BlackElo "2292"]
[Annotator "RC"]
[PlyCount "72"]
[EventDate "2018.??.??"]
[EventType "swiss"]
[EventCountry "ITA"]
[SourceTitle "playchess.com"]
[Source "ChessBase"]
[SourceQuality "1"]
[TimeControl "40/5400+30:1800+30"]

1. e4 c5 2. Nf3 e6 3. d4 cxd4 4. Nxd4 a6 5. Bd3 Bc5 6. Nb3 Be7 7. O-O d6 8. Qe2 Qc7 9. c4 Nf6 10. Nc3 Nbd7 11. f4 h5 12. Bd2 b6 13. Rae1 Bb7 14. Nd4 g6 15. b4 Rg8 16. Nf3 Rc8 17. a3 Qb8 18. Nd5 Bd8 19. Nc3 Bc7 20. Kh1 Bd8 21. Ng5 Ng4 22. Nf3 Be7 23. h3 Ngf6 24. Qf2 Bd8 25. Qe2 h4 26. Qf2 Rh8 27. Kg1 b5 28. f5 bxc4 29. fxe6 fxe6 30. e5 cxd3 31. exf6 e5 32. f7+ Kf8 33. Ne4 Bb6 34. Be3 Bxe4 35. Bxb6 Bxf3 36. Be3 Be2 0-1

[Event "Forni di Sopra Dolomiti 2018"]
[Site "Forni di Sopra"]
[Date "2018.06.11"]
[Round "3.12"]
[White "Dobboletta, Alex"]
[Black "Di Benedetto, Edoardo"]
[Result "1/2-1/2"]
[ECO "E04"]
[WhiteElo "2105"]
[BlackElo "2288"]
[Annotator "RC"]
[PlyCount "163"]
[EventDate "2018.??.??"]
[EventType "swiss"]
[EventCountry "ITA"]
[SourceTitle "playchess.com"]
[Source "ChessBase"]
[SourceQuality "1"]
[TimeControl "40/5400+30:1800+30"]

1. c4 e6 2. Nf3 d5 3. d4 Nf6 4. g3 dxc4 5. Bg2 c5 6. O-O Nc6 7. dxc5 Qxd1 8. Rxd1 Bxc5 9. Nbd2 c3 10. bxc3 O-O 11. Nb3 Be7 12. c4 Bd7 13. Bb2 Rfd8 14. Ne5 Rac8 15. Nxd7 Nxd7 16. Rac1 Ndb8 17. Kf1 Rxd1+ 18. Rxd1 Rd8 19. Rxd8+ Bxd8 20. e3 b6 21. Ke2 Bf6 22. Bxf6 gxf6 23. c5 bxc5 24. Nxc5 Kf8 25. Nd7+ Ke7 26. Nxb8 Nxb8 27. Kd3 Kd6 28. Kc4 Nd7 29. f4 Nb6+ 30. Kd4 e5+ 31. Ke4 Nd5 32. a3 Nb6 33. Kf5 exf4 34. exf4 Ke7 35. Bf1 Nd7 36. Ke4 Nb6 37. Kd4 Kd6 38. Be2 Na8 39. Bc4 Nc7 40. f5 Kc6 41. a4 Kd6 42. g4 Na8 43. Bxf7 Nb6 44. Be8 Nd5 45. Bb5 h6 46. Be2 Nb6 47. Bd1 Nd7 48. Kc4 Nc5 49. a5 Na6 50. Bf3 Nc7 51. Bb7 Ne8 52. Kd4 Nc7 53. Kc4 Ne8 54. h3 Nc7 55. h4 Ne8 56. Kd4 Nc7 57. Ke4 Nb5 58. Kf4 Nc7 59. g5 hxg5+ 60. hxg5 Ne8 61. g6 Ng7 62. Ke4 Kc5 63. Bc8 Nh5 64. Kd3 Ng7 65. a6 Nh5 66. Ke4 Ng7 67. Be6 Nh5 68. Ba2 Ng7 69. Bb3 Nh5 70. Ba2 Ng7 71. Bg8 Nh5 72. Be6 Ng7 73. Kf4 Nh5+ 74. Kg4 Ng7 75. Bc8 Kd4 76. Kf3 Kc5 77. Ke3 Nh5 78. Kd3 Ng7 79. Kc3 Nh5 80. Kb3 Ng7 81. Ka4 Nh5 82. Be6 1/2-1/2